 Dungeon Crawl Stone Soup version 0.20-a0-949-g916514f (webtiles) character file.

1267 strmesko the Basher (level 8, -11/68 HPs)
             Began as a Minotaur Monk on Apr 4, 2017.
             Was a Priest of Okawaru.
             Mangled by a two-headed ogre
             ... wielding a +0 dire flail
              (21 damage)
             ... on level 5 of the Dungeon.
             The game lasted 00:18:58 (3197 turns).

strmesko the Basher (Minotaur Monk)                 Turns: 3197, Time: 00:18:59

Health: -11/68     AC:  6    Str: 18      XL:     8   Next: 27%
Magic:  7/7        EV: 10    Int:  7      God:    Okawaru [***...]
Gold:   255        SH:  8    Dex: 12 (13) Spells: 7/7 levels left

rFire    + . .     SeeInvis .   u - +0 mace
rCold    x . .     Gourm    .   y - +0 shield
rNeg     . . .     Faith    .   e - +0 ring mail
rPois    .         Spirit   .   (helmet restricted)
rElec    .         Reflect  .   r - +0 cloak
rCorr    .         Harm     .   (no gloves)
MR       .....                  (no boots)
Stlth    ++........             (no amulet)
Regen    0.3/turn               i - ring of flight
MPRegen  0.1/turn               o - ring of fire

@: no status effects
A: retaliatory headbutt, horns 2
a: Heroism, Renounce Religion, Evoke Flight


You were on level 5 of the Dungeon.
You worshipped Okawaru.
Okawaru was most pleased with you.
You were not hungry.

You visited 2 branches of the dungeon, and saw 6 of its levels.

You collected 255 gold pieces.

Inventory:

Hand Weapons
 u - a +0 mace (weapon)
Missiles
 g - 55 bolts
 q - 8 steel javelins (quivered)
Armour
 e - a +0 ring mail (worn)
 r - a +0 cloak (worn)
 y - a +0 shield (worn)
 B - a +0 pair of boots
Jewellery
 i - a ring of flight (left hand)
 o - a ring of fire (right hand)
Wands
 v - a wand of polymorph (9/24)
 z - a wand of disintegration (0/24)
Scrolls
 a - 2 scrolls of identify
 d - 2 scrolls of remove curse
 f - 2 scrolls of blinking {unknown}
 j - 2 scrolls of teleportation
 s - a scroll of fear
 w - 2 scrolls of amnesia {unknown}
 x - 2 scrolls of recharging {unknown}
 D - a scroll of noise {unknown}
Potions
 c - 2 potions of brilliance
 k - a potion of haste
 l - a potion of curing
 m - a potion of ambrosia
 p - a potion of heal wounds {unknown}
 t - a potion of degeneration
 A - a potion of cancellation {unknown}
Comestibles
 b - 2 bread rations
 h - 2 royal jellies
 n - 3 meat rations
 C - 2 chunks of flesh


   Skills:
 - Level 5.1 Fighting
 + Level 11.4 Maces & Flails
 - Level 4.3 Dodging
 - Level 3.2 Stealth
 + Level 1.0 Shields
 * Level 0.2 Invocations
 - Level 0.3 Evocations


You had 7 spell levels left.
You didn't know any spells.

Dungeon Overview and Level Annotations

Branches:
Dungeon (5/15)             Temple (1/1) D:4

Altars:
Ashenzari
Cheibriados
Dithmenos
Elyvilon
Fedhas
Gozag
Hepliaklqana
Kikubaaqudgha
Makhleb
Okawaru
Qazlal
Ru
Sif Muna
Trog
Uskayaw
Vehumet
Wu Jian
Xom
Yredelemnul
Zin
The Shining One

Shops:
D:4 (


Innate Abilities, Weirdness & Mutations

You reflexively headbutt those who attack you in melee.
You have a pair of horns on your head.


Message History

The two-headed ogre is lightly wounded.
The two-headed ogre closely misses you. The two-headed ogre misses you.
You hit the two-headed ogre. You headbutt the two-headed ogre.
The two-headed ogre is moderately wounded.
The two-headed ogre hits you with a dire flail!
* * * LOW HITPOINT WARNING * * *
You block the two-headed ogre's attack.
You hit the two-headed ogre.
The two-headed ogre is moderately wounded.
The two-headed ogre closely misses you.
The two-headed ogre hits you with a giant spiked club!
* * * LOW HITPOINT WARNING * * *
Evoke which item? (* to show all) (? for menu, Esc to quit)
Aiming: Disintegrate (will waste charges)
Press: ? - help, Shift-Dir - straight line, f - two-headed ogre
Aim: a two-headed ogre, wielding a dire flail and a giant spiked club (moderately wounded, chance to defeat MR: 50%) Nothing appears to happen.
The two-headed ogre closely misses you.
The two-headed ogre hits you with a giant spiked club!!
You die...

### #.#
##########.#
#.ZO@......#
######.########.#
#..........# #.#
....?.####+###.#
#.# ## #####
..####.#########.
................>.
...######......##.
.#.. .. #......##.
... .#.##..
#......###


You could see a two-headed ogre and an adder skeleton.

Vanquished Creatures
  The ghost of feelmyfire the Chopper, a novice DDFi (D:4)
  Prince Ribbit (D:5)
  Sigmund (D:3)
  3 ogres (D:4)
  A howler monkey (D:5)
  A bullfrog zombie (D:5)
  A hound (D:4)
  An orc priest (D:4)
  Ijyb (D:3)
  3 worker ants
  5 adders
  2 worms
  4 dart slugs
  3 leopard geckos
  7 orcs
  3 giant cockroaches
  6 goblins
  6 hobgoblins
  6 jackals
  3 kobolds
  A quokka (D:4)
  10 bats
  2 quokka skeletons
  5 rats
77 creatures vanquished.

Notes
Turn   | Place    | Note
-------+----------+-------------------------------------------
     0 | D:1      | strmesko the Minotaur Monk began the quest for the Orb.
     0 | D:1      | Reached XP level 1. HP: 22/22 MP: 0/0
   110 | D:1      | Reached skill level 5 in Fighting
   275 | D:1      | Reached skill level 1 in Maces & Flails
   279 | D:1      | Reached XP level 2. HP: 29/29 MP: 1/1
   405 | D:1      | Reached skill level 2 in Maces & Flails
   742 | D:2      | Reached XP level 3. HP: 24/36 MP: 2/2
   794 | D:2      | Reached skill level 3 in Maces & Flails
   815 | D:2      | Found a blossoming altar of Fedhas.
  1215 | D:3      | Reached skill level 4 in Maces & Flails
  1237 | D:3      | Reached XP level 4. HP: 40/42 MP: 3/3
  1263 | D:3      | Noticed Ijyb
  1277 | D:3      | Killed Ijyb
  1360 | D:3      | Reached skill level 5 in Maces & Flails
  1456 | D:3      | Noticed Sigmund
  1467 | D:3      | Killed Sigmund
  1467 | D:3      | Reached skill level 6 in Maces & Flails
  1467 | D:3      | Reached XP level 5. HP: 31/48 MP: 4/4
  1688 | D:4      | Noticed an ogre
  1694 | D:4      | Killed an ogre
  1694 | D:4      | Reached skill level 7 in Maces & Flails
  1694 | D:4      | Reached XP level 6. HP: 43/56 MP: 5/5
  1829 | D:4      | Found Yntan's Antique Weapon Boutique.
  1842 | D:4      | Reached skill level 8 in Maces & Flails
  1896 | D:4      | Reached XP level 7. HP: 43/61 MP: 6/6
  2027 | D:4      | Found a staircase to the Ecumenical Temple.
  2039 | D:4      | Noticed feelmyfire's ghost (novice DDFi)
  2054 | Temple   | Entered the Ecumenical Temple
  2096 | Temple   | Became a worshipper of Warmaster Okawaru
  2096 | Temple   | Reached * piety under Okawaru
  2096 | Temple   | Reached ** piety under Okawaru
  2462 | D:4      | Killed feelmyfire's ghost
  2462 | D:4      | Reached *** piety under Okawaru
  2462 | D:4      | Reached skill level 10 in Maces & Flails
  2707 | D:5      | Entered Level 5 of the Dungeon
  2746 | D:5      | Noticed Prince Ribbit
  2769 | D:5      | Killed Prince Ribbit
  2769 | D:5      | Reached skill level 11 in Maces & Flails
  2769 | D:5      | Reached skill level 1 in Shields
  2769 | D:5      | Reached XP level 8. HP: 33/68 MP: 7/7
  3182 | D:5      | Noticed a two-headed ogre
  3197 | D:5      | Mangled by a two-headed ogre

Vault maps used:
D:1:      matt_arrival_los_fun
D:2:      grunt_ministairs_2, fedhas_altar_2
D:3:      uniq_sigmund, uniq_iyjb
D:4:      minmay_temple_entry_grid, first_bread, serial_shops, shop
D:5:      uniq_pikel, uniq_prince_ribbit1
Temple:   grunt_wide_crystal_templ

Skill      XL: |  1  2  3  4  5  6  7 |
---------------+----------------------+-----
Fighting       | 5 |  5.1
Maces & Flails | 1 2 4 6 7 8 11 | 11.4
Shields        | 1 |  1.0
Dodging        | |  4.3
Stealth        | |  3.2
Invocations    | |  0.2
Evocations     | |  0.3

Action                   |  1- 3 |  4- 6 |  7- 9 || total
-------------------------+-------+-------+-------++-------
Melee: Club              |    42 |       |       ||    42
       Headbutt          |    11 |    14 |    21 ||    46
       Mace              |    30 |    71 |    93 ||   194
       Unarmed           |       |     1 |       ||     1
Evoke: Wand              |       |       |     5 ||     5
  Use: Scroll            |       |       |     6 ||     6
       Potion            |       |       |     4 ||     4
 Stab: Sleeping          |     1 |     2 |       ||     3
  Eat: Chunk             |     1 |     2 |     4 ||     7
Armor: Ring mail         |    31 |    24 |    14 ||    69
Dodge: Dodged            |    70 |    38 |    39 ||   147
Block: Shield            |       |       |    28 ||    28
